cohdb
Replays
Latest Replays
All Replays
Popular Replays
Top Player Replays
Match Explorer
How It Works
Community
CoH3 Stats
Reddit
Sign in to upload your games and track your stats! →
Sign in with Steam
Match 26438289
Unlisted
Match 26438289
Overview
Messages
Build Orders
End
Construct Barracks
Riflemen Squad
1⁄4-ton 4x4 Truck
Riflemen Squad
Riflemen Squad
Construct Medical Station
Infantry Support Center
Selects Special Operations Battlegroup
Selects Smoke Screen
Smoke Screen
M1918 Browning Automatic Rifles
Riflemen Squad
Munitions Surplus
Selects M29 Weasel with M1 Pack Howitzer
M29 Weasel with M1 Pack Howitzer
Advanced Logistics
Construct Motor Pool
M1 Anti-tank Gun Team
Grenade Package
Selects SSF Commando Squad
SSF Commando Squad
Survival Training
Construct Weapon Support Center
Improved M9 Bazooka Rockets
M24 Chaffee Light Tank
Selects P-47 Anti-Infantry Loiter
P-47 Anti-Infantry Loiter
M24 Chaffee Light Tank
M24 Chaffee Light Tank
M24 Chaffee Light Tank
Selects M4A1 Sherman Whizbang
M1 Anti-tank Gun Team
M24 Chaffee Light Tank
P-47 Anti-Infantry Loiter
SSF Commando Squad
P-47 Anti-Infantry Loiter
Riflemen Squad
SSF Commando Squad
ConcernedApe
bobidog101
Ssezra
炮姬
0
0
Comments
sign in to comment!
No comments posted yet!